[Event "Late-Titled-Tuesday-Blitz-April-23-2024"]
[Site "Chess.com"]
[Date "2024.04.23"]
[Round "10"]
[White "traack"]
[Black "HajiyevKanan"]
[Result "0-1"]
[WhiteElo "2464"]
[BlackElo "2616"]
[TimeControl "180+1"]
[EndTime "15:59:00 PDT"]
[Termination "HajiyevKanan won by resignation"]

1. e4 c6 2. Nc3 d5 3. Nf3 a6 4. d4 Bg4 5. h3 Bh5 6. g4 Bg6 7. exd5 cxd5 8. Ne5 Nc6 9. Bg2 Nxe5 10. dxe5 e6 11. f4 Qh4+ 12. Kf1 Bc5 13. Qe1 Qxe1+ 14. Kxe1 Bxc2 15. Ke2 Ne7 16. Be3 d4 17. Be4 dxc3 18. Bxc2 cxb2 19. Rab1 Ba3 20. Bd4 Rc8 21.
Be4 Rc1 22. Bxb2 Rxh1 23. Bxh1 Bxb2 24. Rxb2 b5 25. a4 O-O 26. axb5 axb5 27. Rxb5 h5 28. Rb7 Ng6 29. Kf3 hxg4+ 30. hxg4 Rc8 31. Rb3 Rc4 32. f5 Nxe5+ 33. Ke2 exf5 34. gxf5 Rf4 35. Ke3 Rh4 36. Be4 f6 37. Rb8+ Kh7 38. Bd5 Rh3+ 39. Ke4 Rh4+ 40. Ke3 Kh6 41. Rg8 Rh3+ 42. Ke4 Rh4+ 43. Ke3 Rb4 44.
Be6 Ra4 45. Bd5 Ra3+ 46. Ke4 Ra1 47. Be6 Re1+ 48. Kd5 Re3 49. Bc8 Nf7 50. Be6 Re5+ 51. Kd4 Nd6 52. Rh8+ Kg5 53. Rg8 Nxf5+ 54. Bxf5 Kxf5 55.
Rxg7 Re1 56. Kd3 Kf4 57. Kd2 Re5 58. Ra7 f5 59. Ra4+ Kf3 60. Ra3+ Kg4 61. Ra8 f4 62. Rg8+ Kf3 63. Rg6 Kf2 64. Rf6 f3 65. Kd3 Re1 66. Kd2 Re2+ 67. Kd3 Re7 68. Kd2 Re8 69. Rf5 Kg2 70. Rg5+ Kf1 71. Rf5 f2 72. Kd3 Re7 73. Kd2 Rd7+ 74. Ke3 Ke1 75. Rxf2 Re7+ 76. Kf3 Rf7+ 77. Kg3 Rxf2 0-1

[Event "Late-Titled-Tuesday-Blitz-April-23-2024"]
[Site "Chess.com"]
[Date "2024.04.23"]
[Round "10"]
[White "Shankland"]
[Black "sergoy"]
[Result "1/2-1/2"]
[WhiteElo "3055"]
[BlackElo "2946"]
[TimeControl "180+1"]
[EndTime "15:59:02 PDT"]
[Termination "Game drawn - insufficient material"]

1. e4 c5 2. Nf3 d6 3. d4 cxd4 4.
Nxd4 Nf6 5. Nc3 a6 6. Be2 e5 7.
Nb3 Be7 8. Be3 Be6 9. Qd3 Nbd7 10. Nd5 Bxd5 11. exd5 Rc8 12. c4 O-O 13. O-O Ne8 14. Bg4 g6 15. Bxd7 Qxd7 16. Rad1 Qc7 17. Rc1 b6 18. f4 exf4 19. Bxf4 Bf6 20. Rf2 Ng7 21. Nd4 Bxd4 22. Qxd4 Nf5 23. Qc3 b5 24.
g4 Ng7 25. Bh6 f5 26. cxb5 Qxc3 27. Rxc3 Rxc3 28. bxc3 axb5 29. gxf5 Rxf5 30. Rxf5 Nxf5 31. Bf4 Kf7 32. Kf2 Ke7 33. Kf3 Kd7 34. Ke4 Kc7 35. Kd3 Kb6 36. c4 bxc4+ 37. Kxc4 Ka5 38. Bd2+ Ka4 39.
Bf4 h6 40. h4 h5 41. Bg5 Ka3 42. Kb5 Kxa2 43. Kc6 Kb3 44. Kd7 Kc4 45. Ke6 Kd4 46. Kf6 Ke4 47. Kxg6 Ng3 48. Bd2 Kxd5 49. Bf4 Ne2 50. Bh2 Ke6 51. Kxh5 d5 52. Kg6 d4 53. Bc7 d3 54. Ba5 Nf4+ 55. Kg5 Nd5 56. h5 Kf7 57. h6 Nf6 58. Kf5 Nh7 59. Bc3 Nf8 60. Kg5 Nh7+ 61. Kf5 Nf8 62. Bd2 Nh7 63. Be1 Nf8 64. Bc3 Nh7 65. Bb4 Nf8 66. Kg5 Ne6+ 67. Kf5 Nd4+ 68. Ke4 Kg6 69. Bd2 Nf5 70. Kxd3 Nxh6 1/2-1/2

[Event "Late-Titled-Tuesday-Blitz-April-23-2024"]
[Site "Chess.com"]
[Date "2024.04.23"]
[Round "10"]
[White "Polish_fighter3000"]
[Black "Harry_Rakkel"]
[Result "1-0"]
[WhiteElo "3083"]
[BlackElo "2685"]
[TimeControl "180+1"]
[EndTime "15:59:04 PDT"]
[Termination "Polish_fighter3000 won by resignation"]

1. d4 Nf6 2. Nf3 d5 3. Bf4 e6 4.
e3 Bd6 5. Nbd2 O-O 6. c3 b6 7. h4 Bb7 8. h5 Nbd7 9. Ne5 Ne4 10.
Nxe4 dxe4 11. Qg4 f5 12. Qg3 Bxe5 13. Bxe5 Nxe5 14. Qxe5 Qd6 15. h6 Qxe5 16. dxe5 g6 17.
O-O-O Rfd8 18. Bc4 Kf7 19. Rd4 c5 20. Rdd1 Bd5 21.
Bb3 c4 22. Ba4 a6 23. Rd4 b5 24. Bd1 Rdc8 25. f4 Rab8 26. g4 fxg4 27. Bxg4 b4 28. Kd2 Rc5 29. cxb4 Rxb4 30. Kc3 Ra4 31. a3 Rb5 32.
Bd1 Raa5 33. Rh2 Rb7 34. Rhd2 Rab5 35. Ba4 R5b6 36. Bd1 Ke7 37. Rf2 a5 38. Rfd2 Rb8 39. Ba4 Rb3+ 40. Bxb3 Rxb3+ 41. Kc2 Rxe3 42. Rxd5 exd5 43.
Rxd5 Rh3 44. Rxa5 Rxh6 45. Kd2 Rh3 46. Rc5 h5 47. Rxc4 e3+ 48. Ke2 h4 49. Rc6 Rg3 50.
b4 h3 51. b5 Kd8 52. Rd6+ Kc8 53. Rd1 h2 54. Rh1 Rh3 55. a4 Kb7 56. a5 Kc7 57. Kd3 Kb7 58. e6 Rh7 59. Rxh2 Re7 60. Re2 Rxe6 61. Rxe3 Rf6 62. Re7+ Kc8 63. Ke4 Rf5 64. Re5 Rf6 65. a6 Kb8 66. f5 gxf5+ 67. Rxf5 Rh6 68.
Rf8+ Kc7 69. a7 1-0

[Event "Late-Titled-Tuesday-Blitz-April-23-2024"]
[Site "Chess.com"]
[Date "2024.04.23"]
[Round "10"]
[White "rhungaski"]
[Black "ellatambien"]
[Result "1-0"]
[WhiteElo "2544"]
[BlackElo "2721"]
[TimeControl "180+1"]
[EndTime "15:59:11 PDT"]
[Termination "rhungaski won on time"]

1. e4 e5 2. Nf3 Nc6 3. Bc4 Nf6 4. d3 Bc5 5. c3 O-O 6. Bg5 h6 7. Bh4 Be7 8. a4 d6 9. Nbd2 Nh5 10. Bg3 Nxg3 11.
fxg3 Be6 12. O-O Bxc4 13. Nxc4 f5 14. Qb3 Kh7 15. Qxb7 Qd7 16. Qb5 f4 17. gxf4 Rxf4 18. Qd5 Raf8 19. b4 Qe8 20. b5 Nd8 21. Ne3 R4f7 22.
Nf5 Bf6 23. Ra2 Ne6 24. g3 g6 25. Ne3 Bg5 26. Nxg5+ Nxg5 27. Rxf7+ Rxf7 28. Kg2 Qc8 29. g4 Qf8 30. h4 Nf3 31. Kg3 Ne1 32. Nf5 gxf5 33. exf5 h5 34. Qe4 hxg4 35. f6+ Kg8 36. Qxe1 Rxf6 37. Rf2 Rf3+ 38. Kg2 Qf4 39. Rxf3 Qxf3+ 40. Kg1 Qxd3 41. h5 e4 42. Qh4 Qe3+ 43. Kg2 Qf3+ 44.
Kg1 Qf5 45. Qd8+ Kh7 46. Qxc7+ Kh6 47. Qxd6+ Kxh5 48. Qd2 g3 49. Qe2+ Qf3 50. Qg2 Qe3+ 51. Kh1 Kg4 52. a5 Kf4 53. Qf1+ Ke5 54. b6 axb6 55. axb6 Qxb6 56. Kg2 Qe3 57. Qa1 Kf4 58. Qf1+ Kg4 59. c4 Qf3+ 60. Kg1 Kf4 61. Qc1+ Ke5 62. Qb2+ Ke6 63. c5 Qe3+ 64. Kg2 Qxc5 65. Kxg3 Qg5+ 66. Kf2 Qf4+ 67. Ke1 Qg3+ 68. Qf2 Qc3+ 69. Qd2 Qa1+ 70. Ke2 Kf5 71. Qd5+ Kf4 72. Qf7+ 1-0

[Event "Late-Titled-Tuesday-Blitz-April-23-2024"]
[Site "Chess.com"]
[Date "2024.04.23"]
[Round "10"]
[White "Ajedrez_con_German"]
[Black "Smoking_Crow"]
[Result "1/2-1/2"]
[WhiteElo "2644"]
[BlackElo "2607"]
[TimeControl "180+1"]
[EndTime "15:59:15 PDT"]
[Termination "Game drawn by repetition"]

1. a3 h5 2. e3 h4 3. h3 e5 4. d4 exd4 5. exd4 d5 6. Nf3 Be7 7. c4 Be6 8. cxd5 Bxd5 9. Nc3 Nf6 10. Nxd5 Qxd5 11. Be3 Nc6 12. Rc1 Qd7 13. Bb5 Bd6 14. O-O Nd5 15. Qc2 Nxe3 16. fxe3 O-O 17. d5 Qe7 18.
dxc6 Qxe3+ 19. Kh1 bxc6 20. Bxc6 Rab8 21. Qe4 Qh6 22.
Qxh4 Qxh4 23. Nxh4 Rxb2 24. a4 g6 25. Nf3 Rfb8 26.
Ng5 f5 27. Bd5+ Kg7 28. Ne6+ Kf6 29. Nxc7 R8b4 30. Nb5 Bf4 31. Ra1 a6 32. Nc3 Be5 33. Rac1 Kg7 34. Bf3 Rd2 35. Nd5 Rxa4 36. Rc6 Rad4 37.
Rxa6 Rxd5 38. Bxd5 Rxd5 39. Ra2 Bg3 40. Ra3 f4 41.
Raf3 Kh6 42. Rxf4 Bxf4 43. Rxf4 Kg5 44. Rg4+ Kh5 45. Kh2 Rd3 46. Re4 Rc3 47. Rf4 Rd3 48. Rf3 Rd4 49. Kg3 Rd5 50. Re3 Rc5 51. Kf3 Rc4 52.
Re8 Rc3+ 53. Kf2 Rc2+ 54. Kg3 Rc3+ 55. Kh2 Kg5 56. Re5+ Kh6 57. Re4 Kg5 58. Rg4+ Kh5 59. Rg3 Rc2 60. Rf3 Rc4 61. Re3 Kg5 62. Kg3 Rb4 63. Ra3 Rc4 64. Ra5+ Kh6 65. h4 Rc3+ 66. Kg4 Rc4+ 67. Kh3 Rc3+ 68. g3 Rc4 69. Ra6 Rc3 70. Ra8 Rc4 71. Rd8 Rc3 72. Rd4 Rc5 73. Kg4 Rb5 74. Rf4 Rc5 75. Kh3 Rb5 76. Rf3 Rc5 77. g4 Rb5 78. Kg3 Rc5 79. Rb3 Ra5 80. Re3 Rb5 81. Kf4 Rb4+ 82. Re4 Rb5 83. Re6 Rb4+ 84.
Re4 Rb5 85. Kf3 Rb3+ 86. Re3 Rb5 87. Kg3 Ra5 88. Rf3 Rb5 89. Kh3 Ra5 90. Rg3 Rb5 91.
Re3 Ra5 92. Kg3 Rb5 93. Ra3 Rc5 94. Rb3 Ra5 95. Re3 1/2-1/2

[Event "Late-Titled-Tuesday-Blitz-April-23-2024"]
[Site "Chess.com"]
[Date "2024.04.23"]
[Round "10"]
[White "scandalgod"]
[Black "Cluke86"]
[Result "0-1"]
[WhiteElo "2500"]
[BlackElo "2361"]
[TimeControl "180+1"]
[EndTime "15:59:16 PDT"]
[Termination "Cluke86 won on time"]

1. d4 d6 2. c4 Nf6 3. Nc3 e5 4. Nf3 e4 5. Nd2 Qe7 6. e3 Bf5 7. Be2 h5 8. b4 g6 9. Bb2 Bg7 10. Qb3 Nbd7 11. h3 c6 12. a4 O-O 13. b5 a5 14. O-O c5 15. Nd1 Rfe8 16. Bc3 b6 17. Ra2 Nf8 18. Re1 Ne6 19. Nf1 Ng5 20. Ng3 Bc8 21. Bf1 h4 22. Ne2 Nh5 23. dxc5 dxc5 24.
Bxg7 Kxg7 25. Nf4 Nxf4 26. exf4 Nh7 27. Ne3 Bb7 28. Rd2 Rad8 29. Red1 Nf6 30. Qc3 Rxd2 31. Rxd2 Rd8 32. Rxd8 Qxd8 33. Be2 Qd4 34. Qc1 Nd7 35.
f5 Ne5 36. fxg6 fxg6 37. Bf1 Nd3 38. Qd1 Bc8 39. Be2 Be6 40. Bg4 Bxc4 41. Bf5 Qb2 42. Nxc4 Qxf2+ 43. Kh1 Qxf5 44. Qe2 Qe6 45. Ne3 Nf4 46.
Qf2 g5 47. Ng4 Qd5 48. Qb2+ Qd4 49. Qc2 c4 50. Qc1 c3 51. Qa3 Qd1+ 52. Kh2 Qd7 53.
Qxc3+ Kh7 54. Qf6 Qc7 55. Qh6+ Kg8 56. Qxg5+ Ng6+ 57. Kh1 Qd6 58. Nf6+ Kf7 59. Nxe4 Qd1+ 60. Kh2 Qe1 61. Qf6+ Ke8 62. Qxg6+ Kd7 63. Qd6+ Ke8 64. Qe6+ Kf8 65. Qf5+ Ke8 66. Nd6+ Ke7 67. Ne4 Qb4 68. Ng5 Qxa4 69. Qe6+ Kd8 70. Nf7+ Kc7 71. Qd6+ Kc8 72. Ne5 Qf4+ 73. Kg1 Qc1+ 74. Kf2 Qf4+ 75. Ke2 Qe4+ 76. Kd2 Qxg2+ 0-1

[Event "Late-Titled-Tuesday-Blitz-April-23-2024"]
[Site "Chess.com"]
[Date "2024.04.23"]
[Round "10"]
[White "Arigu07"]
[Black "Vladimir_2020"]
[Result "0-1"]
[WhiteElo "2580"]
[BlackElo "2758"]
[TimeControl "180+1"]
[EndTime "15:59:29 PDT"]
[Termination "Vladimir_2020 won by resignation"]

1. a3 d5 2. e3 e5 3. d4 Nd7 4. c4 exd4 5. Qxd4 dxc4 6. Bxc4 Ngf6 7. Nf3 Bc5 8. Qd2 O-O 9. b4 Bd6 10. Bb2 Qe7 11. Nc3 Nb6 12. Bd3 Be6 13. Qc2 Rad8 14.
O-O c6 15. Nd4 Bc8 16. h3 g6 17. Rad1 Rfe8 18. Rfe1 Bb8 19. Nce2 Nh5 20. Nf3 Nd7 21. Nf4 Ng7 22. Bc4 Ne5 23. Nxe5 Bxe5 24. Bxe5 Qxe5 25.
Rxd8 Rxd8 26. Rd1 Qe7 27. Rxd8+ Qxd8 28. Qb3 Qd7 29. a4 Nf5 30. a5 Nd6 31. Be2 Ne4 32.
Nd3 Qd6 33. Qb2 Bf5 34. Qe5 Qxe5 35. Nxe5 Nc3 36. Bc4 Be6 37. Bxe6 fxe6 38. a6 bxa6 39. Nxc6 Na2 40. Kf1 Kf7 41. Ke2 Ke8 42. Kd3 Kd7 43. Ne5+ Kd6 44. Nf7+ Ke7 45. Ng5 h6 46. Ne4 Nxb4+ 47.
Kc4 Nd5 48. Nc5 a5 49. Ne4 a6 50. Kb3 Nb6 51. Nc5 Kd6 52. Nxa6 e5 53. e4 g5 54. f3 h5 55. Kc3 h4 56. Kb3 Kc6 57. Kc3 Nc8 58. Kc4 Nd6+ 59. Kc3 Nb5+ 60. Kc4 Nd4 61. Nc5 Ne2 62. Nd3 Kd6 63. Ne1 Nf4 64. Kb5 a4 65. Kxa4 Kc5 66. Nc2 Nxg2 67. Kb3 Nf4 68.
Kc3 Nxh3 69. Ne3 Ng1 70. Kd2 Nxf3+ 71. Ke2 Nd4+ 72. Kf2 Kd6 73. Ng4 Ke6 74. Kg2 Nc6 75. Ne3 Nb4 76. Kh3 Nd3 77. Kg4 Kf6 78. Nd5+ Kg6 79.
Ne7+ Kf7 80. Nd5 Nf2+ 81. Kxg5 h3 0-1

[Event "Late-Titled-Tuesday-Blitz-April-23-2024"]
[Site "Chess.com"]
[Date "2024.04.23"]
[Round "10"]
[White "Fins0905"]
[Black "ACollins05"]
[Result "0-1"]
[WhiteElo "2737"]
[BlackElo "2554"]
[TimeControl "180+1"]
[EndTime "15:59:31 PDT"]
[Termination "ACollins05 won by resignation"]

1. e4 a6 2. d4 b5 3. Bd3 Bb7 4.
Nf3 e6 5. O-O c5 6. c3 d6 7. a4 c4 8. Bc2 Be7 9. Qe2 Nd7 10.
axb5 axb5 11. Rxa8 Qxa8 12. Na3 Qa6 13. b3 d5 14. e5 Bxa3 15. Bf4 Be7 16. h4 h6 17. h5 Bd8 18. Nh2 Ne7 19. Qg4 Kf8 20. b4 Qa2 21. Bb1 Qb2 22. Rc1 Nc6 23. Qf3 Bg5 24. Bg6 Bxf4 25.
Qxf4 Nd8 26. Ng4 Ke7 27. Bb1 Nc6 28. Qe3 Ra8 29. Bh7 Nf8 30. Bg8 Nd7 31. Bh7 Ke8 32. Rc2 Qb1+ 33. Kh2 Nf8 34. Bd3 cxd3 35. Qxd3 Ba6 36. Qd2 Bb7 37. Qd3 Ba6 38. Qd2 Bc8 39. Ne3 Ra1 40. Qd3 Ra2 41. Qxb5 Rxc2 42. Nxc2 Qxc2 43.
Qxc6+ Kd8 44. Qd6+ Nd7 45. Qc6 Qf5 46. f3 Qxh5+ 47.
Kg1 Qg5 48. Qd6 Qe7 49. Qc6 Nb8 50. Qb6+ Qc7 51. Qb5 Bd7 52. Qd3 Qc4 53. Qh7 Qxc3 54. Qxg7 Qxd4+ 55. Kh2 Qh4+ 56. Kg1 Qg5 57. Qf8+ Kc7 58.
Qc5+ Nc6 59. b5 Qxe5 60. bxc6 Bxc6 61. Qe7+ Kb6 62. Qd8+ Qc7 63. Qf6 Bb5 64. Qxh6 Qd7 65. Qd2 d4 66. g4 d3 67. Kf2 Qc6 68. Kg3 Qc2 69. Qe3+ Qc5 70. Qd2 Qe5+ 71. Kh4 Qe2 72. Qb4 d2 73. Qd6+ Bc6 74. Qb4+ Kc7 75. Qe7+ Bd7 76. Qc5+ Kd8 77. Qf8+ Kc7 78. Qc5+ Kb7 79. Qb4+ Bb5 80. Qe7+ Kb6 81. Qd6+ Ka5 82. Qa3+ Ba4 83. Qc5+ Qb5 84. Qc3+ Qb4 85. Qc7+ Kb5 86. Qb7+ Kc4 87. Qe4+ Kb3 88. Qd3+ Qc3 89. Qd6 Kc2 0-1

[Event "Late-Titled-Tuesday-Blitz-April-23-2024"]
[Site "Chess.com"]
[Date "2024.04.23"]
[Round "10"]
[White "Gravity_Chess"]
[Black "SpeedofLight0"]
[Result "1-0"]
[WhiteElo "2898"]
[BlackElo "3042"]
[TimeControl "180+1"]
[EndTime "15:59:57 PDT"]
[Termination "Gravity_Chess won by checkmate"]

1. b3 d5 2. Bb2 Bg4 3. d4 Nc6 4. h3 Bh5 5. Nd2 f6 6. Ngf3 e6 7. e3 Bd6 8. c4 Nh6 9. a3 O-O 10.
Bd3 Qe8 11. Qc2 Bg6 12. e4 dxe4 13. Nxe4 e5 14. d5 Nd4 15. Nxd4 exd4 16. O-O-O Be5 17.
g3 c6 18. Kb1 cxd5 19. cxd5 Rc8 20. Qe2 Qd7 21. Rc1 Rfe8 22. Ka2 Bd6 23. Qf3 Nf7 24.
Bxd4 Be5 25. Nc5 Qe7 26. Bxg6 hxg6 27. Be3 Bd6 28. b4 Ne5 29. Qe2 b6 30. Nb3 Qd7 31.
Rhd1 Qa4 32. Rxc8 Rxc8 33. Rc1 Rd8 34. Qd2 a5 35. Qc3 Bxb4 36. Qb2 Rxd5 37. Nd4 Nd3 38. Rc8+ Kh7 39. Qb3 Qd7 40. Qxd3 Qxc8 41. axb4 axb4 42.
Kb2 Rc5 43. Nb3 Rc3 44. Qd4 Rc4 45. Qd3 Qe6 46. Bd2 b5 47. h4 Qe5+ 48. Kb1 Qc7 49. h5 f5 50. hxg6+ Kxg6 51. Nd4 Qe5 52. Nb3 Rc6 53. Bc1 Rd6 54. Qe3 Qd5 55. Qg5+ Kf7 56. Qe3 Rc6 57. Bb2 Rc3 58. Bxc3 Qxb3+ 59. Bb2 Qd1+ 60.
Ka2 Qa4+ 61. Kb1 Qd1+ 62. Bc1 b3 63. Qd2 Qf3 64. Kb2 Kg6 65. Qe3 Qg2 66. Qg5+ Kh7 67. Qxf5+ Kg8 68. Kxb3 Qc6 69. Kb2 Qc4 70. Be3 b4 71. Qc2 Qb5 72. Qb3+ Kh7 73. Bd2 Qe5+ 74. Kc2 Qc5+ 75. Kd1 Qxf2 76. Bxb4 Qf1+ 77. Be1 Qf6 78. Qe3 Qd6+ 79. Ke2 Qa6+ 80. Qd3+ Qg6 81. Qxg6+ Kxg6 82. Kf3 Kf5 83. Bd2 Ke6 84. Kg4 Kf6 85. Bc3+ Kg6 86. Kh4 Kh6 87. g4 g6 88. g5+ Kh7 89. Kg4 Kg8 90.
Kf4 Kf7 91. Ke5 Ke7 92. Bd2 Kf7 93. Kd6 Kf8 94. Ke6 Kg7 95. Ke7 Kg8 96. Kf6 Kh7 97. Kf7 Kh8 98. Kxg6 Kg8 99. Kh6 Kh8 100. g6 Kg8 101.
g7 Kf7 102. Kh7 Ke6 103. g8=Q+ Ke5 104. Qf8 Ke4 105. Bh6 Kd3 106. Kg6 Kc4 107. Qd6 Kb5 108. Qc7 Kb4 109. Kf5 Kb3 110. Ke4 Kb4 111. Kd4 Kb5 112. Qb7+ Ka4 113. Kc4 Ka3 114. Qb3# 1-0

[Event "Late-Titled-Tuesday-Blitz-April-23-2024"]
[Site "Chess.com"]
[Date "2024.04.23"]
[Round "10"]
[White "ChessBrainiacOnTwitch"]
[Black "Sanyura"]
[Result "0-1"]
[WhiteElo "2785"]
[BlackElo "2664"]
[TimeControl "180+1"]
[EndTime "16:00:04 PDT"]
[Termination "Sanyura won by checkmate"]

1. e4 c5 2. Nf3 e6 3. d4 cxd4 4.
Nxd4 Nf6 5. Nc3 Nc6 6. a3 Be7 7. Be2 O-O 8. Be3 d5 9. exd5 exd5 10. O-O Re8 11. Bf3 Ne5 12. Be2 Bd7 13. Bg5 Nc6 14.
Nb3 h6 15. Bxf6 Bxf6 16. Bf3 Bxc3 17. bxc3 Qf6 18. Qxd5 Be6 19. Qc5 Rac8 20. Rfe1 b6 21. Qe3 Bxb3 22. Qxe8+ Rxe8 23. Rxe8+ Kh7 24. cxb3 Qxc3 25.
Ree1 Nd4 26. Bd5 g6 27. Rab1 Kg7 28. h3 Qd3 29. Red1 Qc2 30. a4 Ne2+ 31. Kf1 Nc3 32. Rbc1 Qe2+ 33. Kg1 Nxd1 34. Bf3 Qxf2+ 35. Kh2 Ne3 36.
b4 Nf1+ 37. Kh1 Nd2 38. Bc6 Qd4 39. b5 Ne4 40. Kh2 h5 41. Rf1 g5 42. Rf5 Qd6+ 43. Kg1 Qd4+ 44. Kh2 f6 45. Rd5 Qe3 46. Rd7+ Kh6 47. Re7 Qf4+ 48. Kg1 Ng3 49. Kh2 h4 50. Re1 Qf2 51. Rd1 g4 52. hxg4 Ne2 53. Bf3 Nd4 54. Bd5 Qg3+ 55. Kh1 Qxg4 56. Rf1 Ne2 57. Rxf6+ Kg5 58. Bf3 Ng3+ 59. Kh2 Qd4 60. Rf8 Nf1+ 61. Kh1 Qa1 62. Kg1 Ng3+ 63. Kf2 Qf1+ 64. Ke3 Qe1+ 65. Kd3 Qe5 66. Rg8+ Kh6 67. Rg4 Qf5+ 68. Ke3 Qf6 69. Kf2 Nf5 70. Kg1 Qd6 71. Kf2 Qd2+ 72. Kg1 Qe1+ 73. Kh2 Ne3 74. Re4 Nf1+ 75. Kg1 Qc1 76.
Kf2 Nd2 77. Re6+ Kg5 78. Re1 Qc5+ 79. Ke2 Nxf3 80. Kxf3 Qc3+ 81. Re3 Qc5 82. Re4 Qd5 83. Ke3 Kf5 84. Rf4+ Ke5 85. Rxh4 Qxg2 86. Rh5+ Kd6 87. Rf5 Qg3+ 88. Ke4 Qg4+ 89. Rf4 Qe2+ 90. Kf5 Qe5+ 91.
Kg4 Kc5 92. Kf3 Qxf4+ 93. Kxf4 Kb4 94. Ke3 Kxa4 95. Kd2 Kxb5 96. Kc1 Kb4 97. Kb2 b5 98. Ka2 Kc3 99. Kb1 a5 100. Kc1 b4 101. Kb1 a4 102. Ka1 b3 103. Kb1 b2 104. Ka2 Kc2 105. Ka3 b1=Q 106. Kxa4 Kc3 107. Ka3 Qb3# 0-1

[Event "Late-Titled-Tuesday-Blitz-April-23-2024"]
[Site "Chess.com"]
[Date "2024.04.23"]
[Round "10"]
[White "Fh2411"]
[Black "FlemingA"]
[Result "0-1"]
[WhiteElo "2540"]
[BlackElo "2467"]
[TimeControl "180+1"]
[EndTime "16:00:07 PDT"]
[Termination "FlemingA won by resignation"]

1. d4 g6 2. Nf3 Bg7 3. Bf4 d6 4. e3 Nd7 5. h3 Ngf6 6. Be2 O-O 7. O-O b6 8. c4 Bb7 9. Nc3 Ne4 10. Qc2 Ndf6 11.
a4 a5 12. Nb5 h6 13. Rfd1 c6 14. Na3 Re8 15. Bh2 Qd7 16. Bd3 Ng5 17. Nxg5 hxg5 18. f3 Qc7 19. Qf2 e5 20. Rac1 Qe7 21. dxe5 dxe5 22.
c5 bxc5 23. e4 Nh5 24. Qxc5 Nf4 25. Qxe7 Rxe7 26. Bf1 Bf8 27. Nc4 Ba6 28. g3 Bxc4 29. Bxc4 Ne6 30. Kg2 Nd4 31. Bg1 Rb8 32. Bxd4 exd4 33.
b3 Rd7 34. Rd3 Bb4 35. f4 gxf4 36. gxf4 Kg7 37. Kf3 Rh8 38. Rh1 Rh5 39. e5 Bc3 40. Ke4 Rh4 41. Rg3 Bd2 42. Rf1 Rd8 43. Rff3 Be3 44.
Rg4 Rh5 45. f5 Rdh8 46. fxg6 fxg6 47. Rf7+ Kh6 48. Rf6 Rg5 49. Rh4+ Rh5 50. Rg4 Rg5 51. e6 Rxg4+ 52. hxg4 Re8 53. Rf7 Kg5 54. Ba6 Bg1 55.
e7 Kxg4 56. Bb7 d3 57. Kxd3 Bc5 58. Bxc6 Rxe7 59. Rf6 Kg5 60. Rf3 Bb4 61. Kc4 Rc7 62. Kb5 Re7 63. Rg3+ Kf6 64. Bd5 Re5 65. Kc4 Rg5 66.
Rf3+ Rf5 67. Rg3 Rg5 68. Re3 Re5 69. Rh3 Rh5 70. Rf3+ Rf5 71. Re3 Re5 72. Be4 Kg5 73. Kd3 Kf4 74. Rf3+ Kg5 75. Rg3+ Kf4 76. Rf3+ Kg5 77.
Rf1 Re6 78. Rg1+ Kh6 79. Rh1+ Kg7 80. Rg1 Rd6+ 81. Kc4 Re6 82. Kd5 Rf6 83. Ke5 Rb6 84. Bd5 Bc3+ 85. Ke4 Rf6 86. Rg3 Bb4 87. Ke5 Bd6+ 88.
Ke4 Bxg3 0-1

[Event "Late-Titled-Tuesday-Blitz-April-23-2024"]
[Site "Chess.com"]
[Date "2024.04.23"]
[Round "10"]
[White "dosto07"]
[Black "zacachess"]
[Result "1/2-1/2"]
[WhiteElo "2489"]
[BlackElo "2332"]
[TimeControl "180+1"]
[EndTime "16:00:08 PDT"]
[Termination "Game drawn by repetition"]

1. e4 c5 2. Nf3 d6 3. Bb5+ Nd7 4. d4 cxd4 5. Qxd4 a6 6. Bxd7+ Bxd7 7. Nc3 h6 8. O-O e5 9. Qd3 Nf6 10. Nd2 b5 11. a4 b4 12. Nd5 Nxd5 13. Qxd5 Rc8 14.
Qd3 a5 15. Nc4 Be6 16. Ne3 Qc7 17. Bd2 Bc4 18. Nxc4 Qxc4 19. Qh3 Qe6 20. Qxe6+ fxe6 21. c3 d5 22. exd5 exd5 23. Rfe1 Bd6 24. cxb4 axb4 25.
Bf4 O-O 26. Bxe5 Bxe5 27. Rxe5 Rc2 28. Rf1 Rxb2 29. Rxd5 Ra2 30. a5 Ra8 31. Rb5 R8xa5 32. Rxb4 Ra1 33. g3 Rxf1+ 34. Kxf1 g5 35. Kg2 Kg7 36.
Rb7+ Kg6 37. Rb6+ Kg7 38. h3 Ra3 39. Re6 h5 40. Re3 Ra4 41. Rd3 Kg6 42. Kf3 Rb4 43. Ke3 Ra4 44. Rd4 Ra3+ 45. Ke4 Ra6 46. Rd5 Kf6 47. Rf5+ Kg6 48. Rf3 Ra4+ 49. Ke5 Ra5+ 50. Kd4 Ra4+ 51. Ke3 Ra3+ 52. Ke2 Ra4 53. Rd3 Kf5 54.
Rd5+ Kf6 55. Kf3 Rb4 56. Rd6+ Kf5 57. Rh6 g4+ 58. Kg2 Kg5 59. Rh8 Rb3 60. h4+ Kg6 61. Rg8+ Kh6 62. Rg5 Rc3 63. Kf1 Rc2 64. Ke1 Ra2 65. Re5 Rb2 66. Rd5 Ra2 67. Rd2 Ra3 68. Ke2 Rb3 69. Rd3 Rb2+ 70. Ke3 Rb6 71. Rd5 Re6+ 72.
Kf4 Ra6 73. Re5 Kg6 74. Rg5+ Kh6 75. Rg8 Rf6+ 76. Ke3 Rf3+ 77. Ke2 Ra3 78. Re8 Rb3 79. Re3 Rb4 80. f3 gxf3+ 81. Kxf3 Ra4 82. Re4 Ra3+ 83. Kf4 Ra6 84. Rd4 Rf6+ 85. Ke3 Re6+ 86. Re4 Ra6 87. Kf4 Rf6+ 88. Ke5 Rf3 89. Re1 Rxg3 90. Kf6 Rf3+ 91. Ke5 Rh3 92. Re4 Rf3 93. Ke6 Kg6 94. Re5 Rg3 95.
Kd5 Rg4 96. Re4 Kf5 97. Re5+ Kg6 98. Re6+ Kf5 99. Re5+ Kg6 1/2-1/2

[Event "Late-Titled-Tuesday-Blitz-April-23-2024"]
[Site "Chess.com"]
[Date "2024.04.23"]
[Round "11"]
[White "LeninGuerra"]
[Black "Balla_Tamas"]
[Result "1-0"]
[WhiteElo "2681"]
[BlackElo "2550"]
[TimeControl "180+1"]
[EndTime "16:02:11 PDT"]
[Termination "LeninGuerra won by resignation"]

1. e4 c5 2. Nf3 Nc6 3. c3 Nf6 4. Bb5 Nxe4 5. O-O g6 6. Re1 Nd6 7. Bf1 Bg7 8. d4 cxd4 9. cxd4 O-O 10. d5 Nb8 11. Nc3 b6 12. Bg5 Re8 13. Nd4 Bb7 14.
Ndb5 Nxb5 15. Nxb5 a6 16. Nd6 Qc7 17. Nxe8 1-0

[Event "Late-Titled-Tuesday-Blitz-April-23-2024"]
[Site "Chess.com"]
[Date "2024.04.23"]
[Round "11"]
[White "yaguigor"]
[Black "traack"]
[Result "1-0"]
[WhiteElo "2571"]
[BlackElo "2458"]
[TimeControl "180+1"]
[EndTime "16:02:14 PDT"]
[Termination "yaguigor won by resignation"]

1. d4 Nf6 2. c4 c5 3. d5 d6 4. Nc3 g6 5. e4 Bg7 6. Bd3 O-O 7. h3 e6 8. Nf3 exd5 9. exd5 Re8+ 10. Be3 Bh6 11. O-O Bxe3 12. fxe3 Qe7 13. e4 Nbd7 14. Qd2 Ne5 15. Nxe5 Qxe5 16. Qf2 Kg7 17. Rae1 a6 18. Re3 Rf8 19. Rf3 1-0

[Event "Late-Titled-Tuesday-Blitz-April-23-2024"]
[Site "Chess.com"]
[Date "2024.04.23"]
[Round "11"]
[White "Stanbad1"]
[Black "Casablanca"]
[Result "0-1"]
[WhiteElo "2604"]
[BlackElo "2705"]
[TimeControl "180+1"]
[EndTime "16:02:42 PDT"]
[Termination "Casablanca won by resignation"]

1. d4 d5 2. Nc3 c6 3. Bf4 Nf6 4. e3 g6 5. Bd3 Bg7 6. h4 Bf5 7. Bxf5 gxf5 8. h5 h6 9. Nf3 Nbd7 10. Ne5 Nxe5 11. Bxe5 e6 12. Qf3 Qe7 13. Qg3 Rg8 14. Bd6 Qd7 15. Be5 O-O-O 16. Na4 b6 17. Qh4 Ne4 18.
Bxg7 Rxg7 19. f3 c5 20. Nc3 Nxc3 21. bxc3 Rxg2 22. Rh2 Rg1+ 23. Kd2 Rxa1 24. Qf6 Rxa2 25. Qxh6 cxd4 26. exd4 Qa4 27. Ke3 Rxc2 28. Rxc2 Qxc2 29. Qf6 Qxc3+ 30. Kf4 Qd2+ 31. Kg3 Rg8+ 0-1

[Event "Late-Titled-Tuesday-Blitz-April-23-2024"]
[Site "Chess.com"]
[Date "2024.04.23"]
[Round "11"]
[White "Sanyura"]
[Black "platy3"]
[Result "1-0"]
[WhiteElo "2676"]
[BlackElo "2869"]
[TimeControl "180+1"]
[EndTime "16:03:19 PDT"]
[Termination "Sanyura won by resignation"]

1. e4 c5 2. Nf3 e6 3. d4 cxd4 4. Nxd4 Nc6 5. Nc3 Qc7 6. f4 a6 7. Nxc6 bxc6 8. Bd3 d5 9. O-O Nf6 10. Qf3 Be7 11. Kh1 a5 12. Bd2 Ba6 13. Rae1 Bxd3 14. cxd3 g6 15. f5 gxf5 16. exf5 e5 17. Qg3 Bd6 18. Qg7 1-0

[Event "Late-Titled-Tuesday-Blitz-April-23-2024"]
[Site "Chess.com"]
[Date "2024.04.23"]
[Round "11"]
[White "realburq"]
[Black "Slovak_fighter2000"]
[Result "0-1"]
[WhiteElo "2380"]
[BlackElo "2548"]
[TimeControl "180+1"]
[EndTime "16:03:24 PDT"]
[Termination "Slovak_fighter2000 won by resignation"]

1. e4 c5 2. c3 e6 3. d4 d5 4. exd5 exd5 5. Nf3 Nf6 6. Bb5+ Bd7 7. Qe2+ Be7 8.
dxc5 O-O 9. Be3 Re8 10. Bxd7 Nbxd7 11. b4 Ng4 12. O-O Bf6 13. Nd4 Nxe3 14. fxe3 a5 15. a3 axb4 16. cxb4 Bxd4 17. Qf3 Rxe3 18. Qxf7+ Kh8 19. Qf4 Re4+ 0-1

[Event "Late-Titled-Tuesday-Blitz-April-23-2024"]
[Site "Chess.com"]
[Date "2024.04.23"]
[Round "11"]
[White "Smoking_Crow"]
[Black "FlemingA"]
[Result "1-0"]
[WhiteElo "2612"]
[BlackElo "2462"]
[TimeControl "180+1"]
[EndTime "16:03:52 PDT"]
[Termination "Smoking_Crow won by resignation"]

1. e4 g6 2. d4 Bg7 3. Nc3 a6 4. f4 b5 5. Nf3 d6 6. Bd3 Nd7 7. Be3 c5 8. dxc5 Nxc5 9. Bxc5 dxc5 10. e5 Bb7 11. Qe2 Nh6 12. O-O-O Qa5 13. Be4 Bxe4 14. Qxe4 O-O 15. Kb1 Nf5 16. g4 Nd4 17. Nxd4 cxd4 18.
Nd5 e6 19. Ne7+ Kh8 20. Nc6 Qc7 21. Nxd4 Rfc8 22. h4 Qc4 23. h5 Kg8 24. hxg6 hxg6 25. f5 Qd5 26. Qxd5 exd5 27. f6 Bf8 28. Rh3 Bc5 29.
Rdh1 1-0